Map: Eternal Empire LE

Players

angleshooter - Winner!

  • Race: Protoss Protoss
  • League: Platinum
  • Spawn Location: 1:00

fTwoAClickgg

  • Race: Terran Terran
  • League: Diamond
  • Spawn Location: 7:00

VOD

Have the link to the VOD?

Description

Time

  • Played on: May 9, 2020, 8:09 p.m.
  • Length: 6:41
Show
View Real Time Build Order
Export as new Build Order

angleshooter Protoss - Winner!

Build Orders: 1 Gate Expand 

Get SALT Encoding   

  12  0:00  Probe  
  13  0:13  Probe  
  14  0:18  Pylon  
  14  0:25  Probe (Chrono Boost)  
  15  0:37  Probe (Chrono Boost)  
  15  0:39  Gateway  
  16  0:46  Probe (Chrono Boost)  
  17  0:50  Assimilator  
  17  0:52  Probe  
  19  1:04  Probe  
  19  1:16  Probe  
  20  1:32  Cybernetics Core  
  20  1:40  Probe  
  20  1:41  Nexus  
  20  1:45  Assimilator  
  21  1:52  Probe  
  22  2:02  Pylon  
  22  2:04  Probe  
  23  2:16  Twilight Council  
  23  2:17  Adept (Chrono Boost)  
  23  2:20  Probe  
  26  2:32  Probe  
  27  2:44  Probe  
  27  2:56  Probe  
  28  3:00  Probe  
  28  3:03  Charge (Chrono Boost)  
  29  3:07  Warp Gate  
  29  3:08  Probe  
  30  3:18  Robotics Facility  
  30  3:23  Probe x2 (Chrono Boost)  
  30  3:25  Stalker  
  34  3:31  Pylon  
  34  3:34  Probe x2 (Chrono Boost)  
  35  3:41  Probe  
  36  3:45  Probe  
  38  3:51  Gateway  
  38  3:52  Gateway  
  38  3:53  Gateway  
  38  4:03  Warp Prism (Chrono Boost)  
  38  4:04  Gateway  
  40  4:15  Pylon  
  40  4:19  Pylon  
  40  4:28  Stalker  
  42  4:42  Pylon  
  42  5:01  Gateway  
  42  5:03  Gateway  
  42  5:06  Zealot x4  
  50  5:27  Pylon  
  50  5:29  Zealot x3  
  50  5:30  Zealot x2  
  60  5:52  Zealot x5  
  70  5:58  Zealot  
  70  5:59  Zealot  
  74  6:15  Stalker x2  
  75  6:22  Zealot  
  75  6:23  Zealot x4  
Show
View Real Time Build Order
Export as new Build Order

fTwoAClickgg Terran 

Build Orders: Reaper Expand 

Get SALT Encoding   

  12  0:01  SCV  
  13  0:14  Supply Depot  
  13  0:18  SCV  
  14  0:30  SCV  
  15  0:40  Barracks  
  15  0:44  Refinery  
  15  0:48  SCV  
  16  1:00  SCV  
  17  1:12  SCV  
  18  1:24  SCV  
  19  1:32  Reaper  
  20  1:42  Command Center  
  20  1:53  Orbital Command  
  20  2:04  Marine  
  20  2:07  Supply Depot  
  21  2:20  Factory  
  21  2:24  SCV  
  22  2:36  Marine  
  23  2:53  SCV  
  23  2:57  Refinery  
  24  3:01  Orbital Command  
  24  3:04  Marine  
  26  3:05  SCV  
  26  3:06  Refinery, Widow Mine  
  28  3:17  SCV  
  29  3:27  Starport  
  29  3:28  Widow Mine  
  29  3:29  SCV  
  29  3:31  Barracks  
  32  3:34  Marine  
  33  3:41  SCV  
  33  3:42  SCV  
  35  3:54  SCV x2  
  36  4:06  Medivac  
  36  4:07  Engineering Bay  
  36  4:09  SCV x2  
  40  4:19  Barracks, Barracks Tech Lab  
  40  4:21  SCV  
  40  4:23  Barracks Tech Lab  
  41  4:25  SCV  
  41  4:27  Engineering Bay  
  42  4:33  SCV  
  42  4:37  SCV  
  44  4:41  Marauder  
  46  4:47  Stimpack  
  46  4:48  Combat Shield  
  46  4:54  Supply Depot x2  
  46  4:56  Supply Depot  
  46  5:01  Supply Depot  
  46  5:14  Barracks Reactor  
  46  5:15  Marauder x2  
  50  5:28  SCV x2  
  52  5:33  Medivac  
  54  5:36  Marine, Supply Depot  
  54  5:37  Supply Depot, Marauder  
  54  5:40  SCV x2  
  54  5:52  SCV x2  
  54  5:54  Marine  
  44  5:58  Marauder  
  20  6:12  Marauder  
  18  6:20  Marauder  
Tags
 
Add a new tag
Caveats
  • Supply blocks, unpowered buildings, or Contaminate may cause inaccurate times.
  • Supply counts are checked every 10 seconds.